 Dungeon Crawl Stone Soup version 0.28.0-43-g3370ac3207 (webtiles) character file.

Game seed: 6571346071154584540

128 Eitelfritz the Skirmisher (level 5, -4/47 HPs)
             Began as a Hill Orc Fighter on Mar 9, 2022.
             Slain by an iguana (12 damage)
             ... on level 5 of the Dungeon.
             The game lasted 00:03:40 (2035 turns).

Eitelfritz the Skirmisher (Hill Orc Fighter)        Turns: 2035, Time: 00:03:41

Health: -4/47      AC:  7    Str: 21    XL:     5   Next: 11%
Magic:  5/5        EV:  9    Int:  8    God:
Gold:   68         SH:  4    Dex: 10    Spells: 4/4 levels left

rFire   . . .      SeeInvis .   a - +0 war axe
rCold   . . .      Faith    .   c - +0 buckler
rNeg    . . .      Spirit   .   b - +0 scale mail
rPois   .          Reflect  .   (no helmet)
rElec   .          Harm     .   (no cloak)
rCorr   +          Rampage  .   (no gloves)
Will    .....                   (no boots)
Stlth   ..........              (no amulet)
HPRegen 0.15/turn               p - ring of resist corrosion
MPRegen 0.09/turn               (no ring)

@: no status effects
A: no striking features
a: no special abilities


You were on level 5 of the Dungeon.
You visited 1 branch of the dungeon, and saw 4 of its levels.

You collected 82 gold pieces.
You spent 14 gold pieces at shops.

Inventory:

Hand Weapons
 a - a +0 war axe (weapon)
Missiles
 e - 6 boomerangs (quivered)
 f - a throwing net
 n - 5 poisoned darts
Armour
 b - a +0 scale mail (worn)
 c - a +0 buckler (worn)
Jewellery
 i - a ring of ice
 p - a ring of resist corrosion (left hand)
Scrolls
 g - a scroll of summoning {unknown}
 h - a scroll of blinking {unknown}
 j - a scroll of enchant weapon {unknown}
 k - a scroll of enchant armour {unknown}
 m - a scroll of identify {unknown}
Potions
 d - a potion of might
 l - a potion of resistance {unknown}
 o - a potion of haste {unknown}


   Skills:
 + Level 4.4 Fighting
 + Level 4.3 Axes
 + Level 4.4 Armour
 + Level 0.5 Dodging
 + Level 0.2 Stealth
 + Level 3.6 Shields


You had 4 spell levels left.
You didn't know any spells.
Your spell library contained the following spells:

 Spells                   Type           Power      Damage    Failure   Level
 Ozocubu's Armour         Ice            0%         N/A       99%         3
 Metabolic Englaciation   Hex/Ice        0%         N/A       100%        5
 Simulacrum               Ice/Necr       0%         N/A       100%        6


Dungeon Overview and Level Annotations

Branches:
Dungeon (3/15)

Altars:

Shops:
D:1 *   D:5 (


Message History

You barely miss the iguana. The iguana closely misses you.
You slash the iguana!
The iguana is severely wounded.
You block the iguana's attack.
You barely miss the iguana.
The iguana is severely wounded.
The iguana bites you but does no damage.
The iguana bites you.
You slash the iguana!
You kill the iguana!
You have reached level 5!
You feel stronger.
You see here a +0 dagger.
There is an entrance to Qyatz's Weapon Shop here.
You see here a +0 dagger.
You see here a +0 scale mail.
Found a stone staircase leading up.
You hear the slow rusting of a distant drain.
You now have 68 gold pieces (gained 15).
An iguana comes into view.
You feel a little less mighty now. You block the iguana's attack.
You hit the iguana.
The iguana is lightly wounded.
You block the iguana's attack.
You hit the iguana.
The iguana is moderately wounded.
The iguana bites you!
You closely miss the iguana.
The iguana is moderately wounded.
The iguana bites you!
* * * LOW HITPOINT WARNING * * *
You block the iguana's attack.
You closely miss the iguana.
The iguana is moderately wounded.
You block the iguana's attack.
You barely miss the iguana.
The iguana is moderately wounded.
The iguana barely misses you. The iguana bites you!
You die...

#........###..........
#####.......)# #.......<..
......(.(...## #......)...
###.........####.#........
#........##............#
#........##........#####
###########.......<#
#........# #...@....#
#...l....# #........#
#........# #........#
#........# ##########


You could see an iguana.

Vanquished Creatures
  A scorpion (D:5)
  An iguana (D:5)
  An adder (D:3)
  A bat (D:1)
  2 endoplasms
  A giant cockroach (D:1)
  4 goblins
  3 hobgoblins
  6 jackals
  4 quokkas
  5 ball pythons
  2 frilled lizards
  2 kobolds (D:2)
  A rat (D:1)
34 creatures vanquished.

Vanquished Creatures (others)
  9 plants (D:2)
9 creatures vanquished.

Grand Total: 43 creatures vanquished

Notes
Turn   | Place    | Note
-------+----------+-------------------------------------------
     0 | D:1      | Eitelfritz the Hill Orc Fighter began the quest for the
                  | Orb.
     0 | D:1      | Reached XP level 1. HP: 19/19 MP: 1/1
     2 | D:1      | Noticed a ghoul
     2 | D:1      | Noticed a vine stalker
     4 | D:1      | Noticed a demigod
     4 | D:1      | Noticed a dwarf
     6 | D:1      | Noticed a demonspawn
    10 | D:1      | Noticed a draconian
    12 | D:1      | Noticed a spriggan
    12 | D:1      | Noticed a human
    14 | D:1      | Noticed a vampire
    14 | D:1      | Noticed an ogre
    16 | D:1      | Noticed an elf
    16 | D:1      | Noticed a merfolk
    18 | D:1      | Noticed a troll
    18 | D:1      | Noticed a tengu
    20 | D:1      | Noticed an octopode
    20 | D:1      | Noticed a gargoyle
    22 | D:1      | Noticed a felid
    22 | D:1      | Noticed a formicid
    24 | D:1      | Noticed a minotaur
    26 | D:1      | Noticed a naga
   403 | D:1      | Reached XP level 2. HP: 27/27 MP: 2/2
   682 | D:1      | Found Emabbau's General Store.
   685 | D:1      | Bought a potion of degeneration for 14 gold pieces
   900 | D:2      | Reached XP level 3. HP: 28/33 MP: 3/3
  1370 | D:2      | Found a faded altar of an unknown god.
  1972 | D:3      | You fall into a shaft and drop 2 floors!
  1972 | D:5      | Entered Level 5 of the Dungeon
  1981 | D:5      | Noticed a scorpion
  1988 | D:5      | Killed a scorpion
  1989 | D:5      | Reached XP level 4. HP: 24/41 MP: 4/4
  2005 | D:5      | Found Qyatz's Weapon Shop.
  2012 | D:5      | Reached XP level 5. HP: 21/47 MP: 5/5
  2035 | D:5      | Slain by an iguana

Illustrated notes

Levels and vault maps discovered:
D:1:      kb_arrival_jail, layout_loops_ring, serial_shops,
          nicolae_shop_behind_doors, minmay_pentomino_t2
D:2:      layout_loops_cross, dilly_ecumenical_altar_fadedgnrine,
          small_statue_intersection, lemuel_flame_loot_1
D:3:      layout_basic
D:5:      layout_rooms, temple_statues, portal_sewer_entry_f, serial_shops,
          nicolae_shop_bloodbath_and_beyond, grunt_decor_clamped,
          serial_bayou_pond_a

Skill      XL: |  1  2  3 |
---------------+----------+-----
Axes           | 3 4 |  4.3
Fighting       | 4 |  4.4
Armour         | 4 |  4.4
Dodging        | |  0.5
Stealth        | |  0.2
Shields        | |  3.6

Action                   |  1- 3 |  4- 6 || total
-------------------------+-------+-------++-------
Melee: War axe           |    75 |     9 ||    84
  Use: Potion            |     1 |       ||     1
Armor: Scale mail        |    30 |     1 ||    31
Dodge: Dodged            |    43 |     2 ||    45
Block: Buckler           |    17 |     5 ||    22
